Map: Blackpink LE

Players

DarkWarrior

  • Race: Protoss Protoss
  • League: Platinum
  • Spawn Location: 7:00

DeathBreath - Winner!

  • Race: Zerg Zerg
  • League: Platinum
  • Spawn Location: 1:00

VOD

Have the link to the VOD?

Description

I cant find the game i wanted to here is just one i played a while back

Time

  • Played on: Feb. 15, 2018, 7:40 p.m.
  • Length: 11:04
Show
View Real Time Build Order
Export as new Build Order

DarkWarrior Protoss 

Build Orders:  

Get SALT Encoding   

  12  0:01  Probe  
  13  0:13  Probe  
  14  0:25  Probe  
  15  0:32  Pylon  
  15  0:50  Probe (Chrono Boost)  
  16  0:59  Probe (Chrono Boost)  
  16  1:01  Forge  
  17  1:04  Probe (Chrono Boost)  
  18  1:16  Probe (Chrono Boost)  
  19  1:21  Pylon  
  19  1:29  Nexus  
  19  1:36  Photon Cannon  
  19  1:44  Photon Cannon  
  19  1:48  Probe  
  19  1:53  Assimilator  
  20  2:00  Gateway  
  20  2:06  Assimilator  
  20  2:07  Probe (Chrono Boost)  
  21  2:17  Probe (Chrono Boost)  
  21  2:22  Probe (Chrono Boost)  
  23  2:34  Probe (Chrono Boost)  
  24  2:42  Probe (Chrono Boost)  
  25  2:49  Cybernetics Core  
  27  2:51  Probe (Chrono Boost)  
  27  2:52  Probe (Chrono Boost)  
  27  2:53  Pylon  
  27  2:57  Probe (Chrono Boost)  
  27  2:58  Probe (Chrono Boost)  
  28  3:05  Pylon  
  29  3:10  Probe, Assimilator  
  30  3:12  Assimilator  
  30  3:19  Zealot  
  32  3:20  Probe (Chrono Boost)  
  32  3:25  Probe (Chrono Boost)  
  32  3:27  Warp Gate (Chrono Boost)  
  34  3:32  Probe (Chrono Boost)  
  36  3:37  Probe (Chrono Boost), Robotics Facility  
  36  3:39  Probe (Chrono Boost)  
  37  3:46  Probe  
  38  3:50  Protoss Ground Weapons Level 1  
  38  3:52  Probe (Chrono Boost)  
  40  4:03  Probe (Chrono Boost), Stalker  
  40  4:04  Probe (Chrono Boost)  
  43  4:10  Probe (Chrono Boost)  
  43  4:12  Probe (Chrono Boost), Gateway  
  45  4:17  Gateway  
  45  4:26  Gateway  
  45  4:36  Observer  
  46  4:46  Probe (Chrono Boost)  
  46  4:51  Probe (Chrono Boost)  
  48  4:53  Sentry  
  48  4:56  Probe (Chrono Boost)  
  48  4:58  Observer  
  53  5:00  Probe (Chrono Boost)  
  53  5:01  Probe (Chrono Boost)  
  54  5:10  Probe  
  54  5:12  Probe  
  56  5:14  Nexus  
  56  5:15  Pylon  
  56  5:22  Probe  
  57  5:32  Pylon  
  57  5:34  Stalker x2  
  57  5:35  Stalker  
  63  5:37  Sentry  
  63  5:40  Photon Cannon  
  63  5:41  Photon Cannon  
  65  5:43  Pylon  
  65  5:46  Gateway  
  65  5:47  Gateway  
  65  5:48  Protoss Ground Armor Level 1, Immortal (Chrono Boost)  
  69  6:02  Probe x2, Pylon  
  71  6:14  Probe x2  
  71  6:17  Stalker x2  
  77  6:19  Sentry  
  77  6:23  Immortal (Chrono Boost)  
  83  6:26  Probe  
  84  6:46  Assimilator  
  84  6:49  Assimilator, Sentry x2  
  84  6:50  Stalker x4  
  84  6:53  Probe x3  
  99  6:59  Immortal (Chrono Boost)  
  99  7:05  Probe x2  
  99  7:06  Probe  
  106  7:17  Shield Battery  
  106  7:21  Shield Battery  
  106  7:24  Photon Cannon  
  106  7:26  Photon Cannon  
  106  7:27  Pylon  
  106  7:28  Stalker  
  108  7:36  Photon Cannon  
  108  7:40  Photon Cannon  
  108  7:41  Gateway  
  108  7:45  Gateway  
  108  7:46  Robotics Bay  
  108  7:48  Protoss Shields Level 1  
  108  7:51  Twilight Council  
  108  7:56  Pylon  
  108  7:59  Sentry x2  
  108  8:00  Stalker x2  
  116  8:20  Observer (Chrono Boost)  
  117  8:31  Charge  
  117  8:32  Nexus  
  117  8:33  Robotics Facility  
  117  8:34  Pylon  
  117  8:35  Observer (Chrono Boost)  
  117  8:38  Photon Cannon  
  118  8:41  Photon Cannon  
  118  8:45  Sentry x3  
  124  8:53  Observer  
  66  10:02  Immortal x2  
  66  10:04  Stalker x5  
  66  10:05  Stalker x3  
  65  10:53  Stalker  
Show
View Real Time Build Order
Export as new Build Order

DeathBreath Zerg - Winner!

Build Orders: Pool First 

Get SALT Encoding   

  12  0:03  Drone  
  13  0:12  Overlord  
  13  0:20  Drone  
  14  0:31  Drone x2  
  16  0:36  Drone  
  17  0:48  Spawning Pool  
  17  0:49  Drone  
  17  0:53  Extractor  
  16  0:57  Drone  
  17  1:08  Drone  
  18  1:19  Drone  
  19  1:29  Drone, Hatchery  
  19  1:36  Queen  
  21  1:43  Overlord  
  21  1:51  Zergling x2  
  22  2:10  Zergling x2  
  22  2:12  Queen  
  25  2:31  Drone x2  
  25  2:35  Drone  
  28  2:37  Metabolic Boost  
  28  2:41  Overlord  
  28  2:45  Drone x3  
  28  2:50  Queen  
  33  2:53  Drone x2  
  33  2:56  Overlord  
  35  3:04  Drone  
  36  3:10  Drone  
  37  3:21  Drone x2  
  37  3:23  Drone  
  40  3:27  Drone x2  
  40  3:29  Drone  
  40  3:30  Hatchery  
  40  3:31  Drone  
  43  3:35  Drone x2  
  43  3:40  Drone x2  
  47  3:49  Drone x3  
  47  3:51  Extractor  
  47  3:52  Drone  
  47  3:53  Extractor  
  49  3:56  Evolution Chamber  
  49  4:01  Evolution Chamber  
  49  4:02  Lair  
  47  4:03  Drone  
  47  4:05  Drone x2  
  50  4:18  Queen  
  50  4:22  Zerg Missile Weapons Level 1  
  52  4:26  Roach Warren  
  52  4:29  Zergling x2  
  52  4:41  Zerg Ground Armor Level 1  
  52  4:44  Overlord x3  
  52  4:45  Queen  
  54  4:57  Drone  
  54  4:58  Drone x3  
  57  5:09  Drone  
  57  5:10  Drone x8  
  57  5:13  Glial Reconstitution  
  66  5:23  Roach  
  66  5:24  Roach x4  
  76  5:41  Roach x2  
  80  5:43  Overlord x3  
  80  5:45  Overlord x2  
  80  6:08  Overseer, Spore Crawler  
  80  6:10  Pneumatized Carapace, Spore Crawler  
  78  6:14  Spore Crawler  
  77  6:18  Zerg Missile Weapons Level 2  
  77  6:20  Roach  
  77  6:21  Roach x14  
  107  6:48  Extractor x2  
  105  6:56  Zerg Ground Armor Level 2  
  105  6:59  Hatchery  
  105  7:01  Evolution Chamber  
  103  7:05  Drone x3  
  103  7:06  Drone x3  
  109  7:15  Drone  
  109  7:16  Drone x9  
  118  7:26  Spore Crawler, Spine Crawler  
  116  7:53  Zerg Melee Weapons Level 1, Zergling x2  
  116  7:54  Zergling x8  
  116  7:56  Overlord x5  
  121  8:02  Overlord x3  
  121  8:03  Overlord  
  121  8:11  Queen x3  
  127  8:15  Extractor  
  127  8:18  Hatchery  
  125  8:20  Infestation Pit  
  124  8:44  Spine Crawler  
  123  8:54  Zergling x4  
  123  8:55  Zergling x52  
  148  9:29  Roach x2  
  148  9:30  Roach x10  
  172  9:38  Zergling x10  
  160  9:57  Roach x13  
  161  10:31  Zergling x2  
  161  10:32  Zergling x28  
Tags
 
Add a new tag
Caveats
  • Supply blocks, unpowered buildings, or Contaminate may cause inaccurate times.
  • Supply counts are checked every 10 seconds.